 Dungeon Crawl Stone Soup version 0.31-a0-174-g85c54bcb58 (webtiles) character file.

Game seed: 3332810162973667119

1976 qw the Skirmisher (level 9, -9/82 HPs)
             Began as a Naga Hunter on June 15, 2023.
             Was an Initiate of Okawaru.
             Mangled by an ogre
             ... wielding a +0 giant spiked club
              (17 damage)
             ... on level 6 of the Dungeon.
             The game lasted 00:02:02 (4815 turns).

qw the Skirmisher (Naga Hunter)                     Turns: 4815, Time: 00:02:03

Health: -9/82      AC: 10    Str: 14    XL:     9   Next: 20%
Magic:  9/9        EV: 11    Int: 10    God:    Okawaru [......]
Gold:   260        SH:  5    Dex: 21    Spells: 8/8 levels left

rFire   . . .        c - +0 orcbow
rCold   + . .        (shield currently unavailable)
rNeg    . . .        b - +3 leather armour {rC+}
rPois   +            i - +0 helmet
rElec   .            (no cloak)
rCorr   .            f - +1 pair of gloves {Dex+3}
SInv    +            (no barding)
Will    +....        k - amulet of reflection
Stlth   ++           (no ring)
HPRegen 0.33/turn    (no ring)
MPRegen 0.11/turn

%: reflection
@: short of breath, very slow
A: AC +3, large, see invisible, deformed body, poison resistance, slowness 2,
spit poison 1, naga tail 1
a: Spit Poison, Renounce Religion


You were on level 6 of the Dungeon.
You worshipped Okawaru.
Okawaru was noncommittal.
You visited 2 branches of the dungeon, and saw 7 of its levels.

You collected 260 gold pieces.


Innate Abilities, Weirdness & Mutations

Your serpentine skin is tough. (AC +3)
You have supernaturally acute eyesight. (SInv)
Armour fits poorly on your strangely shaped body.
Your system is resistant to poisons. (rPois)
You cover ground very slowly.
You can spit poison.
You have a snake-like lower body.


   Skills:
 - Level 6.0 Fighting
 + Level 9.4 Ranged Weapons
 - Level 1.2 Armour
 - Level 3.3 Dodging
 - Level 1.5 Stealth


You had 8 spell levels left.
You didn't know any spells.
Your spell library was empty.

Inventory:

Hand Weapons
 c - a +0 orcbow (weapon)
Armour
 b - a +3 leather armour of cold resistance (worn)
 f - a +1 pair of gloves of dexterity (worn)
 i - a +0 helmet (worn)
Jewellery
 k - an amulet of reflection (around neck)
Scrolls
 a - 8 scrolls of identify
Potions
 e - a potion of might
 g - 2 potions of curing
 j - a potion of haste

Dungeon Overview and Level Annotations

Branches:
Dungeon (6/15)             Temple (1/1) D:6

Altars:
Ashenzari
Cheibriados
Dithmenos
Elyvilon
Fedhas
Gozag
Hepliaklqana
Kikubaaqudgha
Makhleb
Nemelex Xobeh
Okawaru
Qazlal
Ru
Sif Muna
Trog
Uskayaw
Vehumet
Wu Jian
Xom
Yredelemnul
Zin
The Shining One

Shops:
D:6 :

Annotations:
D:5 1 runed translucent door, Crazy Yiuf


Message History

The steam dragon is poisoned.
The steam dragon is moderately wounded.
You are engulfed in a cloud of scalding steam.
The steam dragon closely misses you.
The steam dragon claws you but does no damage.
You shoot an arrow. The arrow hits the steam dragon.
The steam dragon is moderately wounded.
The steam dragon breathes steam at you. The ball of steam hits you!
You shoot an arrow. The arrow hits the steam dragon.
The steam dragon is heavily wounded.
You are engulfed in a cloud of scalding steam.
The steam dragon breathes steam at you. The ball of steam hits you!
The steam dragon barely misses you. The steam dragon claws you.
You shoot an arrow. The arrow hits the steam dragon!
The steam dragon is almost dead.
You are engulfed in a cloud of scalding steam.
You have got your breath back.
The steam dragon closely misses you. x2
4804 ||| INVOKING Spit Poison.
Aiming: Spit Poison (1% risk of failure)
Press: ? - help, Shift-Dir - straight line, f/p - steam dragon The splash of poison hits the steam dragon.
The steam dragon looks even sicker.
You kill the steam dragon!
Okawaru accepts your kill.
You are engulfed in a cloud of scalding steam.
4805 ||| Stepping ~*~*~tactically~*~*~ (cloud).
You start resting.
You have got your breath back.
An ogre comes into view. It is wielding a +0 giant spiked club.
4814 ||| INVOKING Spit Poison.
Aiming: Spit Poison (1% risk of failure)
Press: ? - help, Shift-Dir - straight line, f - ogre The splash of poison misses the ogre.
You shoot an arrow. The arrow hits the ogre!
The ogre is moderately wounded.
The ogre hits you with a +0 giant spiked club!
You die...

.......#.# #...# #.
#.......# #...# #.#
##......####...# #..
####[.....##### ##..
####..>...## !###D..#
#..>.......#
.....##.##..........#
#...¤¤##%#..........#
....¤¤¤#O@..........#
.................^..#
......8...<.........#
......##.#..........#
##..8# #.#..........#
...## .##..........
#. .# ########## # ##


You could see an ogre.

Vanquished Creatures
  Prince Ribbit (D:5)
  A steam dragon (D:6)
  A water moccasin (D:5)
  3 black bears
  A sky beast (D:6)
  An ice beast (D:5)
  2 ogres (D:5)
  A centaur (D:6)
  A phantom (D:6)
  A gnoll sergeant (D:5)
  2 scorpions (D:5)
  A howler monkey (D:5)
  A gnoll bouda (D:4)
  A hound (D:5)
  2 jellies
  An orc priest (D:3)
  Ijyb (D:5)
  An iguana (D:4)
  An orc wizard (D:3)
  6 gnolls
  6 adders
  9 river rats (D:5)
  An ufetubus (D:5)
  7 dart slugs
  3 orcs
  4 endoplasms
  17 giant cockroaches
  4 goblins
  6 hobgoblins
  12 jackals
  10 quokkas
  9 ball pythons
  9 bats
  2 frilled lizards
  7 kobolds
  21 rats
157 creatures vanquished.

Notes
Turn   | Place    | Note
-------+----------+-------------------------------------------
     0 | D:1      | qw the Naga Hunter began the quest for the Orb.
     0 | D:1      | Reached XP level 1. HP: 19/19 MP: 1/1
     0 | D:1      | 0 ||| qw: Version: 0.2-a-29-g511e9b1
     0 | D:1      | 0 ||| qw: Game counter: 5426
     0 | D:1      | 0 ||| qw: Always use a shield: true
     0 | D:1      | 0 ||| qw: God list: Okawaru
     0 | D:1      | 0 ||| qw: Allow faded altars: false
     0 | D:1      | 0 ||| qw: Do Orc after D:15 true
     0 | D:1      | 0 ||| qw: Do second Lair branch before Depths: true
     0 | D:1      | 0 ||| qw: Lair rune preference: random
     0 | D:1      | 0 ||| qw: Plans: Normal
     0 | D:1      | 0 ||| PLANNING D:1-11
    29 | D:1      | 29 ||| INVOKING Spit Poison.
    38 | D:1      | 38 ||| INVOKING Spit Poison.
    41 | D:1      | 41 ||| INVOKING Spit Poison.
    44 | D:1      | 44 ||| INVOKING Spit Poison.
    65 | D:1      | 65 ||| INVOKING Spit Poison.
    66 | D:1      | Reached skill level 4 in Ranged Weapons
    66 | D:1      | Reached XP level 2. HP: 26/26 MP: 2/2
    81 | D:1      | 81 ||| INVOKING Spit Poison.
    96 | D:1      | 96 ||| INVOKING Spit Poison.
   104 | D:1      | 104 ||| INVOKING Spit Poison.
   140 | D:1      | 140 ||| INVOKING Spit Poison.
   144 | D:1      | 144 ||| INVOKING Spit Poison.
   169 | D:1      | 169 ||| INVOKING Spit Poison.
   174 | D:1      | 174 ||| INVOKING Spit Poison.
   177 | D:1      | 177 ||| INVOKING Spit Poison.
   239 | D:1      | 239 ||| INVOKING Spit Poison.
   246 | D:1      | 246 ||| INVOKING Spit Poison.
   275 | D:1      | 275 ||| INVOKING Spit Poison.
   353 | D:1      | You fall into a shaft and drop 1 floor!
   363 | D:2      | 363 ||| INVOKING Spit Poison.
   364 | D:2      | Reached XP level 3. HP: 32/32 MP: 3/3
   364 | D:2      | 364 ||| READING scroll labelled QIEQAB FITOS.
   365 | D:2      | 365 ||| READING scroll labelled UTEING IJ UCK.
   366 | D:2      | 366 ||| READING 2 scrolls labelled ERUOFR ERIZXU.
   367 | D:2      | 367 ||| READING scroll labelled PEHOAN CAAXEL OKA.
   368 | D:2      | 368 ||| DROPPING scroll of butterflies.
   369 | D:2      | 369 ||| DROPPING scroll of vulnerability.
   380 | D:1      | 380 ||| INVOKING Spit Poison.
   514 | D:1      | 514 ||| INVOKING Spit Poison.
   720 | D:1      | 720 ||| INVOKING Spit Poison.
   908 | D:1      | 908 ||| READING 2 scrolls labelled IPOCIDIFETT.
   909 | D:1      | 909 ||| READING scroll of brand weapon.
   909 | D:1      | 909 ||| BRANDING +0 shortbow of freezing.
   911 | D:1      | 911 ||| INVOKING Spit Poison.
   916 | D:1      | 916 ||| INVOKING Spit Poison.
  1083 | D:2      | 1083 ||| INVOKING Spit Poison.
  1086 | D:2      | 1086 ||| INVOKING Spit Poison.
  1113 | D:2      | 1113 ||| INVOKING Spit Poison.
  1118 | D:2      | 1118 ||| INVOKING Spit Poison.
  1124 | D:2      | 1124 ||| INVOKING Spit Poison.
  1209 | D:2      | 1209 ||| INVOKING Spit Poison.
  1306 | D:2      | 1306 ||| INVOKING Spit Poison.
  1309 | D:2      | 1309 ||| INVOKING Spit Poison.
  1311 | D:2      | Reached skill level 5 in Ranged Weapons
  1311 | D:2      | Reached XP level 4. HP: 27/39 MP: 4/4
  1387 | D:2      | 1387 ||| INVOKING Spit Poison.
  1667 | D:2      | 1667 ||| READING scroll labelled SUOHEUPONG.
  1668 | D:2      | 1668 ||| READING scroll labelled NATHURCHA XUVEN.
  1669 | D:2      | 1669 ||| DRINKING 2 golden potions.
  1726 | D:3      | 1726 ||| INVOKING Spit Poison.
  1730 | D:3      | 1730 ||| INVOKING Spit Poison.
  1732 | D:3      | 1732 ||| Stepping ~*~*~tactically~*~*~ (outnumbered).
  1733 | D:3      | 1733 ||| INVOKING Spit Poison.
  1738 | D:3      | 1738 ||| INVOKING Spit Poison.
  1742 | D:3      | 1742 ||| INVOKING Spit Poison.
  1745 | D:3      | 1745 ||| INVOKING Spit Poison.
  1745 | D:3      | HP: 10/40 [hobgoblin (2)]
  1756 | D:3      | 1756 ||| INVOKING Spit Poison.
  1759 | D:3      | 1759 ||| INVOKING Spit Poison.
  1779 | D:3      | 1779 ||| INVOKING Spit Poison.
  1906 | D:3      | 1906 ||| INVOKING Spit Poison.
  1909 | D:3      | 1909 ||| INVOKING Spit Poison.
  1937 | D:3      | 1937 ||| INVOKING Spit Poison.
  1948 | D:3      | 1948 ||| INVOKING Spit Poison.
  1950 | D:3      | Reached skill level 3 in Fighting
  1950 | D:3      | Reached XP level 5. HP: 23/49 MP: 5/5
  1951 | D:3      | 1951 ||| INVOKING Spit Poison.
  1954 | D:3      | 1954 ||| INVOKING Spit Poison.
  1958 | D:3      | 1958 ||| INVOKING Spit Poison.
  1958 | D:3      | HP: 10/49 [orc/+0 flail (4)]
  1959 | D:3      | HP: 2/49 [orc/+0 flail (8)]
  2194 | D:3      | 2194 ||| INVOKING Spit Poison.
  2252 | D:3      | 2252 ||| INVOKING Spit Poison.
  2257 | D:3      | 2257 ||| INVOKING Spit Poison.
  2264 | D:3      | 2264 ||| INVOKING Spit Poison.
  2267 | D:3      | 2267 ||| INVOKING Spit Poison.
  2276 | D:3      | 2276 ||| INVOKING Spit Poison.
  2283 | D:3      | 2283 ||| INVOKING Spit Poison.
  2288 | D:3      | 2288 ||| INVOKING Spit Poison.
  2363 | D:3      | 2363 ||| INVOKING Spit Poison.
  2408 | D:3      | 2408 ||| INVOKING Spit Poison.
  2439 | D:3      | Found a blossoming altar of Fedhas.
  2569 | D:3      | 2569 ||| INVOKING Spit Poison.
  2610 | D:3      | Found a hazy altar of Hepliaklqana.
  2626 | D:3      | 2626 ||| INVOKING Spit Poison.
  2629 | D:3      | 2629 ||| INVOKING Spit Poison.
  2752 | D:3      | 2752 ||| UPGRADING to +1 pair of gloves of dexterity.
  2757 | D:3      | 2757 ||| UPGRADING to +0 helmet.
  2762 | D:3      | 2762 ||| READING scroll labelled BAINGE FUUTI.
  2763 | D:3      | 2763 ||| DRINKING 2 bubbling grey potions.
  2764 | D:3      | 2764 ||| DRINKING 2 ruby potions.
  2765 | D:3      | 2765 ||| DRINKING 2 fizzy red potions.
  2766 | D:3      | 2766 ||| DROPPING potion of enlightenment.
  2774 | D:4      | 2774 ||| INVOKING Spit Poison.
  2789 | D:4      | 2789 ||| Stepping ~*~*~tactically~*~*~ (outnumbered).
  2792 | D:4      | 2792 ||| INVOKING Spit Poison.
  2797 | D:4      | Reached XP level 6. HP: 33/56 MP: 6/6
  2798 | D:4      | 2798 ||| INVOKING Spit Poison.
  2801 | D:4      | Reached skill level 6 in Ranged Weapons
  2801 | D:4      | 2801 ||| INVOKING Spit Poison.
  2808 | D:4      | 2808 ||| INVOKING Spit Poison.
  3005 | D:4      | 3005 ||| INVOKING Spit Poison.
  3056 | D:4      | 3056 ||| INVOKING Spit Poison.
  3068 | D:4      | 3068 ||| INVOKING Spit Poison.
  3079 | D:4      | 3079 ||| INVOKING Spit Poison.
  3105 | D:4      | 3105 ||| INVOKING Spit Poison.
  3178 | D:4      | 3178 ||| READING scroll of brand weapon.
  3178 | D:4      | 3178 ||| BRANDING +0 shortbow of flaming.
  3286 | D:4      | 3286 ||| UPGRADING to amulet of reflection.
  3291 | D:4      | 3291 ||| DROPPING amulet of regeneration.
  3292 | D:4      | 3292 ||| READING scroll labelled LUEGEF ARIA.
  3293 | D:4      | 3293 ||| READING scroll labelled BILEJU CEITH.
  3296 | D:4      | 3296 ||| READING scroll labelled USUCYPR YLOB.
  3297 | D:4      | 3297 ||| READING scroll labelled GUADYE YRHIFOTS.
  3298 | D:4      | 3298 ||| READING 6 scrolls of identify.
  3298 | D:4      | 3298 ||| IDENTIFYING glowing grey potion
  3299 | D:4      | 3299 ||| DROPPING potion of invisibility.
  3312 | D:5      | Entered Level 5 of the Dungeon
  3324 | D:5      | Noticed a black bear
  3327 | D:5      | 3327 ||| INVOKING Spit Poison.
  3330 | D:5      | Killed a black bear
  3333 | D:5      | 3333 ||| INVOKING Spit Poison.
  3334 | D:5      | Reached XP level 7. HP: 60/66 MP: 7/7
  3394 | D:5      | 3394 ||| INVOKING Spit Poison.
  3398 | D:5      | Reached skill level 7 in Ranged Weapons
  3425 | D:5      | Found a runed translucent door.
  3426 | D:5      | Noticed Crazy Yiuf
  3451 | D:5      | 3451 ||| INVOKING Spit Poison.
  3458 | D:5      | 3458 ||| INVOKING Spit Poison.
  3461 | D:5      | 3461 ||| INVOKING Spit Poison.
  3466 | D:5      | 3466 ||| INVOKING Spit Poison.
  3468 | D:5      | 3468 ||| FLEEEEING.
  3469 | D:5      | 3469 ||| FLEEEEING.
  3470 | D:5      | 3470 ||| FLEEEEING.
  3471 | D:5      | 3471 ||| STAIRDANCE
  3477 | D:4      | Reached skill level 1 in Armour
  3494 | D:4      | 3494 ||| READING scroll labelled FURO XIHYLE.
  3529 | D:5      | 3529 ||| INVOKING Spit Poison.
  3531 | D:5      | Noticed Prince Ribbit
  3533 | D:5      | 3533 ||| INVOKING Spit Poison.
  3537 | D:5      | 3537 ||| INVOKING Spit Poison.
  3543 | D:5      | 3543 ||| INVOKING Spit Poison.
  3545 | D:5      | Reached XP level 8. HP: 71/73 MP: 8/8
  3548 | D:5      | 3548 ||| INVOKING Spit Poison.
  3552 | D:5      | 3552 ||| INVOKING Spit Poison.
  3555 | D:5      | 3555 ||| INVOKING Spit Poison.
  3559 | D:5      | 3559 ||| INVOKING Spit Poison.
  3562 | D:5      | 3562 ||| INVOKING Spit Poison.
  3562 | D:5      | HP: 16/73 [Prince Ribbit (11)]
  3563 | D:5      | 3563 ||| DRINKING potion of heal wounds.
  3565 | D:5      | 3565 ||| INVOKING Spit Poison.
  3570 | D:5      | 3570 ||| INVOKING Spit Poison.
  3575 | D:5      | 3575 ||| INVOKING Spit Poison.
  3576 | D:5      | Killed Prince Ribbit
  3577 | D:5      | Reached skill level 8 in Ranged Weapons
  3606 | D:5      | 3606 ||| INVOKING Spit Poison.
  3612 | D:5      | 3612 ||| INVOKING Spit Poison.
  3630 | D:5      | 3630 ||| INVOKING Spit Poison.
  3636 | D:5      | 3636 ||| INVOKING Spit Poison.
  3697 | D:5      | 3697 ||| INVOKING Spit Poison.
  3702 | D:5      | 3702 ||| INVOKING Spit Poison.
  3705 | D:5      | 3705 ||| INVOKING Spit Poison.
  3712 | D:5      | 3712 ||| INVOKING Spit Poison.
  3719 | D:5      | 3719 ||| INVOKING Spit Poison.
  3724 | D:5      | 3724 ||| INVOKING Spit Poison.
  3750 | D:5      | 3750 ||| Stepping ~*~*~tactically~*~*~ (outnumbered).
  3752 | D:5      | 3752 ||| INVOKING Spit Poison.
  3759 | D:5      | 3759 ||| INVOKING Spit Poison.
  3762 | D:5      | 3762 ||| INVOKING Spit Poison.
  3769 | D:5      | 3769 ||| INVOKING Spit Poison.
  3773 | D:5      | 3773 ||| INVOKING Spit Poison.
  3884 | D:5      | 3884 ||| INVOKING Spit Poison.
  3886 | D:5      | Noticed Ijyb
  3889 | D:5      | 3889 ||| INVOKING Spit Poison.
  3892 | D:5      | 3892 ||| INVOKING Spit Poison.
  3895 | D:5      | 3895 ||| INVOKING Spit Poison.
  3898 | D:5      | Killed Ijyb
  3901 | D:5      | 3901 ||| INVOKING Spit Poison.
  3965 | D:5      | 3965 ||| INVOKING Spit Poison.
  4022 | D:5      | Reached skill level 9 in Ranged Weapons
  4135 | D:5      | Found a broken altar of Ashenzari.
  4348 | D:5      | 4348 ||| UPGRADING to +3 leather armour of cold resistance.
  4358 | D:5      | 4358 ||| DROPPING +0 leather armour.
  4359 | D:5      | 4359 ||| READING scroll labelled BAAKKIMPAF.
  4360 | D:5      | 4360 ||| DRINKING 2 emerald potions.
  4361 | D:5      | 4361 ||| DRINKING 3 potions of curing.
  4361 | D:5      | 4361 ||| (to cure confusion)
  4362 | D:5      | 4362 ||| DRINKING 2 blue potions.
  4363 | D:5      | 4363 ||| DROPPING potion of ambrosia.
  4391 | D:6      | 4391 ||| INVOKING Spit Poison.
  4396 | D:6      | 4396 ||| INVOKING Spit Poison.
  4401 | D:6      | 4401 ||| STAIRDANCE
  4508 | D:6      | Reached skill level 3 in Dodging
  4508 | D:6      | Reached XP level 9. HP: 78/81 MP: 9/9
  4523 | D:6      | Found a staircase to the Ecumenical Temple.
  4524 | D:6      | 4524 ||| PLANNING TEMPLE
  4524 | D:6      | 4524 ||| UPGRADING to +0 orcbow.
  4525 | D:6      | 4525 ||| DROPPING +0 shortbow of chaos.
  4532 | Temple   | Entered the Ecumenical Temple
  4535 | Temple   | 4535 ||| PLANNING OKAWARU WORSHIP
  4696 | Temple   | Became a worshipper of Warmaster Okawaru
  4697 | Temple   | 4697 ||| PLANNING D:1-11
  4720 | D:6      | Found Byvu's Vocational Training.
  4780 | D:6      | 4780 ||| INVOKING Spit Poison.
  4783 | D:6      | Reached skill level 6 in Fighting
  4792 | D:6      | 4792 ||| INVOKING Spit Poison.
  4793 | D:6      | 4793 ||| Stepping ~*~*~tactically~*~*~ (cloud).
  4796 | D:6      | 4796 ||| INVOKING Spit Poison.
  4800 | D:6      | 4800 ||| INVOKING Spit Poison.
  4802 | D:6      | HP: 15/82 [steam dragon/ball of steam (11)]
  4804 | D:6      | 4804 ||| INVOKING Spit Poison.
  4804 | D:6      | HP: 4/82 [something (5)]
  4805 | D:6      | 4805 ||| Stepping ~*~*~tactically~*~*~ (cloud).
  4814 | D:6      | 4814 ||| INVOKING Spit Poison.
  4815 | D:6      | Mangled by an ogre

Levels and vault maps discovered:
D:1:      saegor_arrival_simple_b, layout_basic, serial_forest,
          infiniplex_forest_diagonal, infiniplex_forest_lined_1,
          infiniplex_forest_straight_5, infiniplex_forest_end_2,
          nicolae_concentric_dashed_squares_wild, minmay_hedge_maze
D:2:      layout_loops_ring
D:3:      minmay_roachtagon, layout_loops_ring, mainiacjoe_overflow_big_doors,
          minmay_diced_spiral
D:4:      layout_rooms
D:5:      lemuel_ratsnest, layout_rooms, nicolae_ashenzari_panopticon,
          uniq_ijyb, uniq_prince_ribbit1, uniq_crazy_yiuf_cottage
D:6:      hellmonk_crumbling_castle, layout_rooms,
          minmay_temple_entry_statues_pillars, nicolae_shop_vocational
Temple:   nicolae_temple_bog_church

Skill      XL: |  1  2  3  4  5  6  7  8  9 |
---------------+----------------------------+-----
Ranged Weapons | 4 5 6 7 9 |  9.4
Fighting       | 3 4 5 6 |  6.0
Dodging        | 2 3 |  3.3
Armour         | 1 |  1.2
Stealth        | |  1.5

Action                     |  1- 3 |  4- 6 |  7- 9 || total
---------------------------+-------+-------+-------++-------
   Fire: Shortbow          |    64 |   115 |   161 ||   340
         Orcbow            |       |       |    21 ||    21
Ability: Spit Poison       |    30 |    42 |    46 ||   118
    Use: Scroll            |     6 |     9 |     2 ||    17
         Potion            |       |     4 |     4 ||     8
 Armour: Leather armour    |    17 |    12 |    36 ||    65
  Dodge: Dodged            |    13 |    33 |    51 ||    97
  Block: Other             |       |     2 |    35 ||    37
         Reflection        |       |       |     1 ||     1

Table legend:
 A = Non-vault XP
 B = Vault XP
 C = Vault XP percentage of total XP
 D = Non-vault monster count
 E = Vault monster count
 F = Vault count percentage of total count
                 A         B        C        D         E       F
            +---------+---------+-------+---------+---------+-------
      Total |    2166 |     658 |  23.3 |     104 |      53 |  33.8
            +---------+---------+-------+---------+---------+-------
        D:1 |      43 |       0 |   0.0 |      25 |       0 |   0.0
        D:2 |      54 |       0 |   0.0 |      14 |       0 |   0.0
        D:3 |     125 |      55 |  30.6 |      25 |      16 |  39.0
        D:4 |     201 |       0 |   0.0 |      18 |       0 |   0.0
        D:5 |    1054 |     603 |  36.4 |      16 |      37 |  69.8
        D:6 |     689 |       0 |   0.0 |       6 |       0 |   0.0
            +---------+---------+-------+---------+---------+-------
